 Dungeon Crawl Stone Soup version 0.30-a0-845-g7c6808c8ce (webtiles) character file.

Game seed: 4878049777814805896

43 cforsyth the Sneak (level 3, 0/22 HPs)
             Began as a Kobold Brigand on Mar 2, 2023.
             Hit by a goblin thrown by Robin (1 damage)
             ... on level 2 of the Dungeon.
             The game lasted 00:00:52 (892 turns).

cforsyth the Sneak (Kobold Brigand)                  Turns: 892, Time: 00:00:52

Health: 0/22       AC:  3    Str:  8    XL:     3   Next: 82%
Magic:  3/3        EV: 15    Int: 12    God:
Gold:   94         SH:  0    Dex: 18    Spells: 2/2 levels left

rFire   . . .      SeeInvis .    a - +2 dagger
rCold   . . .      Faith    .    (no shield)
rNeg    . . .      Spirit   .    b - +0 robe
rPois   .          Reflect  .    (no helmet)
rElec   .          Rampage  .    c - +0 cloak
rCorr   .                        (no gloves)
Will    .....                    (no boots)
Stlth   ++++                     (no amulet)
HPRegen 0.23/turn                (no ring)
MPRegen 0.08/turn                (no ring)

@: no status effects
A: small, no large weapons, nightstalker 3
a: no special abilities


You were on level 2 of the Dungeon.
You visited 1 branch of the dungeon, and saw 2 of its levels.

You collected 94 gold pieces.

Inventory:

Hand Weapons
 a - a +2 dagger (weapon)
Missiles
 d - 13 poisoned darts (quivered)
 e - 3 curare-tipped darts
Armour
 b - a +0 robe (worn)
 c - a +0 cloak (worn)
Jewellery
 o - a ring of positive energy
Scrolls
 g - 2 scrolls of blinking {unknown}
 l - 2 scrolls of identify {unknown}
 m - 2 scrolls of poison {unknown}
Potions
 f - a potion of lignification {unknown}
 h - a potion of attraction {unknown}
 i - a potion of heal wounds {unknown}
 j - 2 potions of degeneration {unknown}
 k - a potion of cancellation {unknown}
 n - a potion of might {unknown}


   Skills:
 + Level 2.8 Fighting
 + Level 3.4 Short Blades
 - Level 2.1 Throwing
 + Level 2.3 Dodging
 + Level 5.8 Stealth


You had 2 spell levels left.
You didn't know any spells.
Your spell library contained the following spells:

 Spells                   Type           Power      Damage    Failure   Level
 Summon Guardian Golem    Hex/Summ       0%         N/A       69%         3
 Orb of Destruction       Conj           0%         9d5       100%        7
 Spellforged Servitor     Conj/Summ      0%         N/A       100%        7


Dungeon Overview and Level Annotations

Branches:
Dungeon (2/15)

Altars:

Annotations:
D:2 Robin


Innate Abilities, Weirdness & Mutations

You are small and have problems with some larger weapons.
You are completely attuned to the shadows.


Message History

There is an open door here.
You now have 83 gold pieces (gained 2).
You open the door.
There is an open door here.
You now have 94 gold pieces (gained 11).
A goblin comes into view. It is wielding a +0 club.
You see here an emerald potion. 2 goblins come into view.
A goblin is wielding a +2 dagger of flaming.
Robin and a goblin come into view.
Found 9 gold pieces.
Found a stone staircase leading down.
A hobgoblin and a goblin come into view.
The helpless goblin fails to defend itself.
You stick the goblin like a pincushion!!!
You kill the goblin! 2 goblins come into view.
The helpless goblin fails to defend itself.
You skewer the goblin like a kebab!!!
You kill the goblin! 2 goblins come into view.
The goblin shouts! x2; The hobgoblin shouts!
The goblin shouts! x3
Robin shouts!
The goblin shouts! x2
Robin roars a battlecry!
The goblins go into a battle-frenzy!
The goblin hits you with a +2 dagger of flaming.
The goblin burns you.
You hit Robin but do no damage. The goblin attacks as you move away!
The goblin hits you with a +2 dagger of flaming.
The goblin burns you. Robin throws the goblin at you!
The goblin closely misses you.
You barely miss the goblin. The goblin hits you with a +0 dagger.
* * * LOW HITPOINT WARNING * * *
The goblin misses you.
You hit the goblin.
You kill the goblin!
The goblin hits you with a +0 dagger.
* * * LOW HITPOINT WARNING * * *
Robin throws the goblin at you!
You die...

#...#.# ###...#.#
#..$>...###
#....g).... #...).gg#
##ggg#.# #g@.#g..
##g###### #!# #.# #.#
####.# #...# .....##
##.....## # ......#
##.......## #
.#....###.........###


You could see Robin, a hobgoblin (strong) and 6 goblins.

Vanquished Creatures
  A gnoll (D:1)
  An adder (D:2)
  A bat (D:1)
  8 endoplasms
  5 goblins
  3 hobgoblins
  A frilled lizard (D:1)
  2 rats (D:1)
22 creatures vanquished.

Notes
Turn   | Place    | Note
-------+----------+-------------------------------------------
     0 | D:1      | cforsyth the Kobold Brigand began the quest for the Orb.
     0 | D:1      | Reached XP level 1. HP: 12/12 MP: 1/1
   115 | D:1      | Reached XP level 2. HP: 18/18 MP: 2/2
   176 | D:1      | Reached XP level 3. HP: 7/22 MP: 3/3
   882 | D:2      | Noticed Robin
   892 | D:2      | HP: 1/22 [goblin/+0 dagger[Robin] (5)]
   892 | D:2      | Hit by a goblin thrown by Robin

Illustrated notes

Levels and vault maps discovered:
D:1:      minmay_arrival_open_corners, layout_basic, moated_statue,
          minmay_misc_feat_alley
D:2:      layout_loops_corners, uniq_robin

Skill      XL: |  1  2  3 |
---------------+----------+-----
Short Blades   | 3 |  3.4
Dodging        | 2 |  2.3
Fighting       | |  2.8
Throwing       | |  2.1
Stealth        | |  5.8

Action                     || total
---------------------------++-------
  Melee: Dagger            ||    45
         Punch             ||     1
   Stab: Sleeping          ||    12
         Distracted        ||     2
 Armour: Robe              ||     2
  Dodge: Dodged            ||    22

Table legend: (Time is in decaauts)
 A = Elapsed time spent in this place.
 B = Non-inter-level travel time spent in this place.
 C = Inter-level travel time spent in this place.
 D = Time resting spent in this place.
 E = Time spent auto-exploring this place.
 F = Levels seen in this place.
 G = Mean time per level.
                   A        B        C        D        E       F      G
               +--------+--------+--------+--------+--------+-----+--------+
         Total |    884 |    860 |     24 |      0 |    716 |   2 |  442.0 |
       Dungeon |    884 |    860 |     24 |      0 |    716 |   2 |  442.0 |
               +--------+--------+--------+--------+--------+-----+--------+

Top non-repeatable levels by time:
     D:1: 628 daAuts
     D:2: 255 daAuts
